 Dungeon Crawl Stone Soup version 0.25.0-1-g7eea58d2a3 (webtiles) character file.

Game seed: 17023645921076003270

22 nihilominus the Sneak (level 2, -1/17 HPs)
             Began as an Octopode Wizard on June 15, 2020.
             Slain by a jackal (2 damage)
             ... on level 1 of the Dungeon.
             The game lasted 00:02:09 (1177 turns).

nihilominus the Sneak (Octopode Wizard)             Turns: 1177, Time: 00:02:10

Health: -1/17      AC:  1    Str:  6    XL:     2   Next: 91%
Magic:  1/6        EV: 13    Int: 20    God:
Gold:   23         SH:  0    Dex: 10    Spells: 6/7 levels left

rFire    . . .     SeeInvis .   (no weapon)
rCold    . . .     Gourm    .   (no shield)
rNeg     . . .     Faith    .   a - +0 hat
rPois    .         Spirit   .   (no amulet)
rElec    .         Reflect  .   (no ring)
rCorr    .         Harm     .   (no ring)
MR       .....                  (no ring)
Stlth    +++.......             (no ring)
HPRegen  0.05/turn              (no ring)
MPRegen  0.10/turn              (no ring)
                                (no ring)
                                (no ring)

@: no status effects
A: almost no armour, stealthy swim, amphibious, 8 rings, constrict 8, camouflage
1, gelatinous body 1
a: no special abilities


You were on level 1 of the Dungeon.
You were not hungry.

You visited 1 branch of the dungeon, and saw 1 of its levels.

You collected 23 gold pieces.

Inventory:

Armour
 a - a +0 hat (worn)
Scrolls
 b - 2 scrolls of fear {unknown}
Potions
 d - a potion of curing {unknown}
Comestibles
 c - 5 chunks of flesh


   Skills:
 + Level 2.3 Dodging
 + Level 3.2 Stealth
 + Level 3.1 Spellcasting
 * Level 1.8 Conjurations
   Level 1.0 Summonings
   Level 1.0 Translocations


You had 6 spell levels left.
You knew the following spells:

 Your Spells              Type           Power        Failure   Level  Hunger
a - Magic Dart            Conj           ##..         7%          1    None

Your spell library contained the following spells:

 Spells                   Type           Power        Failure   Level  Hunger
 Blink                    Tloc           N/A          14%         2    ##.....
 Call Imp                 Summ           #.......     14%         2    ##.....
 Slow                     Hex            #.......     22%         2    ##.....
 Conjure Flame            Conj/Fire      #.......     28%         3    ###....
 Mephitic Cloud           Conj/Pois/Air  #.......     32%         3    ###....


Dungeon Overview and Level Annotations

Branches:
Dungeon (1/15)

Altars:


Innate Abilities, Weirdness & Mutations

You cannot wear most types of armour.
You are very stealthy in the water. (Stealth+)
You are amphibious.
You can wear up to eight rings at the same time.
You can use your tentacles to constrict eight enemies at once.
Your skin changes colour to match your surroundings (Stealth+).
Your rubbery body absorbs attacks. (AC +1, EV +1)


Message History

The jackal bites you.
* * * LOW HITPOINT WARNING * * *
You tentacle-slap the jackal but do no damage.
Your grab misses the jackal.
The jackal is almost dead.
The jackal closely misses you.
You tentacle-slap the jackal but do no damage.
Your grab misses the jackal.
The jackal is almost dead.
The jackal bites you.
* * * LOW HITPOINT WARNING * * *
The jackal barely misses you.
You closely miss the jackal. Your grab misses the jackal.
The jackal is almost dead.
The jackal bites you.
* * * LOW HITPOINT WARNING * * *
You closely miss the jackal. Your grab misses the jackal.
The jackal is almost dead.
The jackal bites you.
You die...

..#
#.##.#.########
### #.##.#.....#
#.##.#####.#
#.#....###.#
#.#..#.#...#
#.####.#.###
#......#)#
#.#########.#
#.hh@.#.....#
.....###.#.#####
.## #...# #####


You could see 2 jackals.

Vanquished Creatures
  A leopard gecko (D:1)
  A giant cockroach (D:1)
  A goblin (D:1)
  4 hobgoblins (D:1)
  4 jackals (D:1)
  3 kobolds (D:1)
  A bat (D:1)
  A frilled lizard (D:1)
  3 rats (D:1)
19 creatures vanquished.

Notes
Turn   | Place    | Note
-------+----------+-------------------------------------------
     0 | D:1      | nihilominus the Octopode Wizard began the quest for the
                  | Orb.
     0 | D:1      | Reached XP level 1. HP: 11/11 MP: 4/4
   483 | D:1      | Reached XP level 2. HP: 17/17 MP: 1/6
  1177 | D:1      | Slain by a jackal

Illustrated notes

Levels and vault maps discovered:
D:1:      dpeg_arrival_shrine, layout_basic

Skill      XL: |  1  2 |
---------------+-------+-----
Stealth        | 3 |  3.2
Dodging        | |  2.3
Spellcasting   | |  3.1
Conjurations   | |  1.8
Summonings     | |  1.0
Translocations | |  1.0

Action                   || total
-------------------------++-------
Melee: Unarmed           ||    35
       Constrict         ||     7
       Tentacles         ||     4
 Cast: Magic Dart        ||    47
 Stab: Sleeping          ||     1
  Eat: Ration            ||     1
Armor: Skin              ||     3
Dodge: Dodged            ||    41
